 Dungeon Crawl Stone Soup version 0.20.1-1-g8b1a95d (webtiles) character file.

7270 greprep the Cleaver (level 10, -6/102 HPs)
             Began as a Minotaur Fighter on July 19, 2017.
             Was a Believer of Qazlal.
             Mangled by a five-headed hydra (12 damage)
             ... on level 9 of the Dungeon.
             The game lasted 00:20:31 (10563 turns).

greprep the Cleaver (Minotaur Fighter)             Turns: 10563, Time: 00:20:33

Health: -6/102     AC:  6    Str: 21    XL:     10   Next: 89%
Magic:  9/9        EV: 10    Int:  5    God:    Qazlal [**....]
Gold:   583        SH: 13    Dex: 13    Spells: 9/9 levels left

rFire    + . .     SeeInvis +   E - +2 war axe (flame)
rCold    . . .     Gourm    .   c - +0 shield
rNeg     . . .     Faith    .   S - +0 ring mail {rF+}
rPois    .         Spirit   .   (helmet restricted)
rElec    .         Reflect  .   (no cloak)
rCorr    .         Harm     .   u - +0 pair of gloves
MR       .....                  (no boots)
Stlth    +.........             d - amulet of regeneration
Regen    0.7/turn               h - ring of see invisible
MPRegen  0.2/turn               H - +2 ring of evasion

@: no status effects
A: retaliatory headbutt, horns 2
a: Upheaval, Renounce Religion


You were on level 9 of the Dungeon.
You worshipped Qazlal.
Qazlal was pleased with you.
You were not hungry.

You visited 2 branches of the dungeon, and saw 11 of its levels.

You collected 583 gold pieces.

Inventory:

Hand Weapons
 E - a +2 war axe of flaming (weapon)
 L - a +0 broad axe
 W - a +0 demon trident of freezing
Armour
 c - a +0 shield (worn)
 u - a +0 pair of gloves (worn)
 R - a +0 large shield
 S - a +0 ring mail of fire resistance (worn)
Jewellery
 b - an uncursed amulet of rage
 d - an amulet of regeneration (around neck)
 h - a ring of see invisible (left hand)
 F - an uncursed ring of stealth
 H - a +2 ring of evasion (right hand)
 U - an uncursed ring of ice
Wands
 q - a wand of random effects (22/48)
 y - a wand of confusion (27/48)
 A - a wand of iceblast (10/15)
 C - a wand of digging (8/24)
 I - a wand of iceblast (7/15)
 O - a wand of iceblast (9/15)
 Q - a wand of enslavement (10/24)
 V - a wand of paralysis (18/24)
Scrolls
 a - 3 scrolls of teleportation {unknown}
 i - 7 scrolls of remove curse
 j - 5 scrolls of enchant weapon
 k - 2 scrolls of amnesia {unknown}
 n - 3 scrolls of random uselessness {unknown}
 r - 4 scrolls of fog
 s - a scroll of immolation {unknown}
 t - 2 scrolls of enchant armour {unknown}
 D - 5 scrolls of magic mapping
 J - 2 scrolls of recharging {unknown}
 K - a scroll of summoning {unknown}
 P - a scroll of identify
Potions
 e - a potion of haste
 g - 3 potions of curing
 l - a potion of degeneration {unknown}
 p - a potion of invisibility {unknown}
 v - 2 potions of mutation {unknown}
 w - a potion of resistance {unknown}
 z - 2 potions of lignification {unknown}
 B - a potion of flight {unknown}
 G - 2 potions of agility {unknown}
 T - a potion of ambrosia {unknown}
Books
 x - a book of Frost

   Spells                             Type                      Level
   a - Freeze                         Ice                          1
   b - Throw Frost                    Conjuration/Ice              2
   c - Ozocubu's Armour               Charms/Ice                   3
   d - Throw Icicle                   Conjuration/Ice              4
   e - Summon Ice Beast               Ice/Summoning                4
 M - a book of Flames

   Spells                             Type                      Level
   a - Flame Tongue                   Conjuration/Fire             1
   b - Throw Flame                    Conjuration/Fire             2
   c - Conjure Flame                  Conjuration/Fire             3
   d - Inner Flame                    Hexes/Fire                   3
   e - Sticky Flame                   Conjuration/Fire             4
   f - Fireball                       Conjuration/Fire             5
Comestibles
 f - 9 bread rations
 m - 4 royal jellies
 o - 4 meat rations
 N - 3 fruits


   Skills:
 - Level 13.6 Fighting
 * Level 14.1 Axes
 - Level 3.6 Armour
 - Level 3.6 Shields


You had 9 spell levels left.
You didn't know any spells.

Dungeon Overview and Level Annotations

Branches:
Dungeon (10/15)            Temple (1/1) D:6
   Lair: D:8-11         Orc: D:9-12

Altars:
Ashenzari
Cheibriados
Dithmenos
Elyvilon
Fedhas
Gozag
Hepliaklqana
Kikubaaqudgha
Makhleb
Nemelex Xobeh
Okawaru
Qazlal
Ru
Sif Muna
Trog
Uskayaw
Vehumet
Xom
Yredelemnul
Zin
The Shining One

Shops:
D:8 [


Innate Abilities, Weirdness & Mutations

You reflexively headbutt those who attack you in melee.
You have a pair of horns on your head.


Message History

The five-headed hydra bites you!
* * * LOW HITPOINT WARNING * * *
The five-headed hydra bites you.
* * * LOW HITPOINT WARNING * * *
You block the five-headed hydra's attack. x3
You climb upwards.
There is a stone staircase leading down here.
You feel much better. The five-headed hydra bites you!
* * * LOW HITPOINT WARNING * * *
The five-headed hydra barely misses you.
You block the five-headed hydra's attack.
The five-headed hydra bites you but does no damage. x2
The five-headed hydra closely misses you.
The five-headed hydra bites you.
* * * LOW HITPOINT WARNING * * *
You block the five-headed hydra's attack.
The five-headed hydra bites you!
* * * LOW HITPOINT WARNING * * *
The five-headed hydra bites you!
You die...

..........)..........#
.....................#
.....................############
.................................
#########..###########..#########
# #..# #..# # #..# #..# #
#..###########..#
#########.>....D@...<...#########
................ยง................
.................................
############.#############..#####
# #.# #..# # #.# #..# # #.# #..# #
#.# #..#
############.#############.)#####


You could see a five-headed hydra.

Vanquished Creatures
  Erica (D:9)
  A two-headed ogre (D:8)
  A spriggan (D:10)
  Sigmund (D:4)
  A hungry ghost (D:7)
  Menkaure (D:4)
  6 orc warriors
  2 black bears
  2 ice beasts (D:7)
  A sky beast (D:6)
  6 phantoms
  2 necrophages
  5 ogres
  Blork the orc (D:4)
  6 bullfrogs
  2 gnoll sergeants
  3 scorpions
  8 killer bees
  3 wights (D:6)
  2 crimson imps (D:6)
  2 lava snakes (D:7)
  A bullfrog zombie (D:8)
  4 centaur zombies
  A quasit (D:9)
  6 hounds
  3 jellies
  2 orc priests
  2 centaur skeletons
  Jessica (D:2)
  10 orc wizards
  4 worker ants
  A worker ant zombie (D:5)
  Robin (D:2)
  15 gnolls
  A howler monkey skeleton (D:5)
  17 adders
  9 shadow imps
  2 oozes
  An adder skeleton (D:4)
  An adder zombie (D:6)
  A dart slug (D:3)
  6 leopard geckos
  46 orcs
  4 ball pythons
  8 giant cockroaches
  28 goblins
  12 hobgoblins
  5 iguanas
  17 jackals
  7 kobolds
  7 quokkas
  7 bats
  4 frilled lizards
  A quokka skeleton (D:5)
  4 rats
296 creatures vanquished.

Vanquished Creatures (others)
  An orc (D:9)
1 creature vanquished.

Grand Total: 297 creatures vanquished

Notes
Turn   | Place    | Note
-------+----------+-------------------------------------------
     0 | D:1      | greprep the Minotaur Fighter began the quest for the Orb.
     0 | D:1      | Reached XP level 1. HP: 19/19 MP: 0/0
   124 | D:1      | Reached XP level 2. HP: 27/27 MP: 1/1
   457 | D:1      | Reached skill level 5 in Fighting
   646 | D:2      | Reached XP level 3. HP: 36/36 MP: 2/2
   647 | D:2      | Noticed Jessica
   651 | D:2      | Killed Jessica
   684 | D:2      | Reached XP level 4. HP: 37/44 MP: 3/3
  1036 | D:2      | Noticed Robin
  1049 | D:2      | Killed Robin
  1256 | D:2      | Reached XP level 5. HP: 51/51 MP: 4/4
  1759 | D:3      | Reached XP level 6. HP: 51/61 MP: 5/5
  2007 | D:3      | Found an opulent altar of Gozag.
  2245 | D:4      | Found a shimmering altar of Xom.
  2330 | D:4      | Noticed Sigmund
  2337 | D:4      | Killed Sigmund
  2563 | D:4      | Found a sacrificial altar of Ru.
  2568 | D:4      | Found a blossoming altar of Fedhas.
  2574 | D:4      | Reached XP level 7. HP: 31/71 MP: 6/6
  2578 | D:4      | Reached skill level 10 in Fighting
  2657 | D:4      | Found a sparkling altar of Nemelex Xobeh.
  3315 | D:4      | Noticed Blork the orc
  3316 | D:4      | Noticed Menkaure
  3325 | D:4      | Killed Blork the orc
  3325 | D:4      | Killed Menkaure
  3652 | D:5      | Entered Level 5 of the Dungeon
  3705 | D:5      | Reached XP level 8. HP: 72/82 MP: 7/7
  4085 | D:5      | Found a radiant altar of Vehumet.
  5195 | D:6      | Reached skill level 3 in Axes
  5204 | D:6      | Reached XP level 9. HP: 68/94 MP: 8/8
  5362 | D:6      | Reached skill level 4 in Axes
  5566 | D:6      | Reached skill level 5 in Axes
  5731 | D:6      | Reached skill level 6 in Axes
  6584 | D:6      | Found a staircase to the Ecumenical Temple.
  6712 | Temple   | Entered the Ecumenical Temple
  6777 | Temple   | Became a worshipper of Qazlal Stormbringer
  6869 | D:7      | Reached skill level 7 in Axes
  6932 | D:7      | Reached skill level 8 in Axes
  7410 | D:7      | Reached skill level 9 in Axes
  8018 | D:7      | Reached skill level 10 in Axes
  8145 | D:7      | Reached * piety under Qazlal
  8164 | D:7      | Reached XP level 10. HP: 94/102 MP: 9/9
  8630 | D:8      | Reached skill level 11 in Axes
  8674 | D:8      | Noticed a two-headed ogre
  8686 | D:8      | Killed a two-headed ogre
  8686 | D:8      | Reached skill level 12 in Axes
  8916 | D:8      | Found Omihub's Armour Emporium.
  9360 | D:9      | Noticed Erica
  9373 | D:9      | Killed Erica
  9373 | D:9      | Reached skill level 13 in Axes
  9375 | D:9      | Reached ** piety under Qazlal
  9754 | D:9      | Got a scorched mace
  9755 | D:9      | Identified the +6 mace of Diet Blood {freeze, rElec} (You found it on level 9 of the Dungeon)
 10146 | D:10     | Entered Level 10 of the Dungeon
 10406 | D:10     | Reached skill level 14 in Axes
 10410 | D:10     | Noticed an eight-headed hydra
 10555 | D:10     | HP: 2/102 [five-headed hydra (6)]
 10563 | D:9      | Mangled by a five-headed hydra

Skill      XL: |  1  2  3  4  5  6  7  8  9 10 |
---------------+-------------------------------+-----
Fighting       | 4 5 6 8 9 11 13 | 13.6
Axes           | 3 10 14 | 14.1
Armour         | |  3.6
Shields        | |  3.6

Action                   |  1- 3 |  4- 6 |  7- 9 | 10-12 || total
-------------------------+-------+-------+-------+-------++-------
Melee: War axe           |    71 |   150 |   323 |   145 ||   689
       Headbutt          |     4 |    28 |    56 |    37 ||   125
  Use: Scroll            |       |     2 |     6 |     1 ||     9
       Potion            |       |       |     5 |     3 ||     8
  Eat: Chunk             |       |     5 |     4 |     7 ||    16
       Royal jelly       |       |       |     2 |       ||     2
       Meat ration       |       |       |     2 |     1 ||     3
       Fruit             |       |       |     1 |       ||     1
Armor: Scale mail        |    31 |    77 |   111 |    13 ||   232
       Ring mail         |       |       |       |    17 ||    17
Dodge: Dodged            |    18 |    55 |   107 |    40 ||   220
Block: Shield            |    33 |    84 |   168 |    59 ||   344
